Map: Lightshade LE

Players

LiquidClem (Clem)

  • Race: Terran Terran

maru - Winner!

  • Race: Terran Terran

Event: ASUS ROG Fall 2021

VOD

Have the link to the VOD?

Description

Time

  • Played on: Sept. 17, 2021, 1:35 p.m.
  • Length: 12:38

All games in this series

Show
View Real Time Build Order
Export as new Build Order

LiquidClem Terran 

Build Orders:  

Get SALT Encoding   

  12  0:00  SCV  
  13  0:12  SCV  
  14  0:17  Supply Depot  
  14  0:24  SCV  
  15  0:38  SCV  
  15  0:39  Barracks  
  16  0:44  Refinery  
  16  0:50  SCV  
  17  1:00  Barracks  
  17  1:04  SCV  
  18  1:16  SCV  
  19  1:27  Reaper  
  19  1:28  Orbital Command  
  19  1:31  Supply Depot  
  20  1:47  Reaper  
  21  1:54  SCV  
  22  2:04  Reaper  
  22  2:06  SCV  
  24  2:13  Command Center  
  24  2:21  Reaper  
  24  2:22  Refinery  
  25  2:25  SCV  
  26  2:38  Marine  
  26  2:39  SCV  
  27  2:44  Supply Depot  
  27  2:51  SCV  
  27  2:56  Marine  
  27  2:57  Factory  
  29  3:03  SCV  
  30  3:06  Bunker  
  30  3:15  SCV  
  31  3:20  Barracks Reactor  
  31  3:26  Orbital Command  
  31  3:27  Refinery, SCV  
  32  3:39  SCV  
  32  3:40  Factory Tech Lab  
  33  3:43  Starport  
  33  3:46  Marine  
  34  3:51  SCV  
  34  3:52  SCV  
  36  3:57  Marine  
  36  3:59  Cyclone  
  40  4:03  SCV  
  40  4:04  SCV  
  40  4:07  Supply Depot  
  40  4:09  Marine  
  44  4:13  Barracks Tech Lab  
  44  4:15  SCV  
  44  4:16  SCV  
  45  4:17  Marine  
  46  4:27  Marine, SCV  
  46  4:28  Supply Depot  
  46  4:30  SCV  
  46  4:31  Siege Tank  
  52  4:34  Raven  
  52  4:35  Marine  
  55  4:39  SCV  
  55  4:42  SCV  
  55  4:44  Marine x2  
  59  4:50  Supply Depot  
  59  4:52  SCV  
  60  4:53  Marine  
  60  4:54  SCV  
  59  5:02  Marine  
  59  5:04  SCV  
  59  5:06  SCV  
  61  5:08  Siege Tank  
  61  5:13  Supply Depot  
  58  5:15  Barracks Reactor  
  58  5:16  SCV  
  58  5:18  SCV  
  60  5:27  Marine, Stimpack  
  60  5:28  SCV, Starport Reactor  
  61  5:29  Viking  
  61  5:30  SCV  
  61  5:31  Supply Depot  
  61  5:34  Refinery  
  64  5:40  SCV  
  65  5:43  SCV  
  65  5:44  Siege Tank  
  65  5:45  Marine  
  69  5:52  SCV  
  69  5:55  SCV  
  71  5:57  Command Center  
  71  6:00  Marine x2, Starport Reactor  
  73  6:04  SCV  
  73  6:08  Marine  
  73  6:09  Supply Depot  
  75  6:13  SCV  
  75  6:18  Marine x2, SCV  
  72  6:22  Siege Tank  
  77  6:26  SCV  
  77  6:29  Marine  
  77  6:30  SCV  
  80  6:36  Marine  
  80  6:37  Engineering Bay x2  
  80  6:38  Supply Depot  
  80  6:39  Marine  
  81  6:41  SCV  
  81  6:42  SCV  
  81  6:45  Medivac  
  81  6:46  Medivac  
  88  6:51  Barracks  
  88  6:53  SCV  
  89  6:54  SCV  
  89  6:56  Siege Tank  
  89  6:58  Marine  
  94  7:02  Marine  
  94  7:05  Terran Infantry Armor Level 1, SCV, Terran Infantry Weapons Level 1  
  96  7:10  Marine  
  96  7:11  Supply Depot  
  96  7:14  SCV  
  98  7:17  Combat Shield  
  98  7:18  SCV  
  98  7:20  Marine  
  98  7:21  Marine  
  101  7:26  SCV  
  101  7:28  Siege Tank  
  105  7:30  Orbital Command  
  105  7:31  SCV  
  105  7:37  Marine  
  105  7:38  SCV  
  105  7:43  SCV  
  108  7:44  Barracks Reactor  
  108  7:45  Marine x2  
  108  7:47  Barracks x2  
  108  7:49  Armory  
  108  7:50  SCV  
  111  7:55  Marine, SCV  
  111  8:00  SCV  
  111  8:02  Supply Depot  
  111  8:03  Marine x2, SCV  
  111  8:05  Siege Tank  
  118  8:08  Medivac  
  118  8:09  Supply Depot  
  118  8:12  SCV  
  121  8:13  Marine  
  121  8:16  Supply Depot  
  121  8:17  SCV x2  
  123  8:21  Marine x2, Refinery  
  123  8:22  Refinery  
  123  8:23  Marine  
  123  8:24  SCV  
  123  8:25  Marine  
  126  8:29  SCV, Medivac  
  126  8:32  SCV, Supply Depot  
  131  8:35  Sensor Tower  
  131  8:36  SCV  
  131  8:37  Barracks Reactor x2  
  131  8:38  Marine  
  131  8:39  Marine  
  131  8:40  Marine  
  135  8:46  Marine, Siege Tank  
  138  8:48  Factory  
  138  8:49  Barracks Reactor  
  138  8:55  Medivac  
  140  8:56  Marine  
  140  8:57  Command Center  
  140  9:00  Marine  
  140  9:01  Marine, Supply Depot  
  141  9:04  Marine  
  78  9:10  Medivac  
  140  9:11  Supply Depot, SCV x2  
  140  9:13  Marine  
  140  9:14  Marine x2  
  140  9:15  Marine x2  
  149  9:17  Marine  
  149  9:18  Terran Vehicle Weapons Level 1  
  149  9:19  Marine, Supply Depot  
  149  9:21  Siege Tank  
  149  9:22  Marine  
  154  9:25  Medivac  
  154  9:27  Marine x2  
  154  9:29  Terran Infantry Weapons Level 2  
  157  9:31  Marine x2  
  157  9:32  Marine, Terran Infantry Armor Level 2  
  157  9:36  Siege Tank  
  163  9:45  Marine  
  164  9:47  Marine x2  
  164  9:49  Viking  
  164  9:50  Refinery  
  168  9:55  Marine x2, Refinery  
  168  9:56  Marine x2  
  168  9:59  Siege Tank  
  175  10:00  SCV  
  175  10:01  SCV x2  
  175  10:05  Marine  
  178  10:08  Marine  
  178  10:12  SCV  
  180  10:18  Marine x2, Siege Tank  
  180  10:20  Marine, SCV  
  187  10:24  Barracks Reactor x2, Starport Reactor  
  187  10:30  SCV x2  
  187  10:31  Siege Tank  
  187  10:32  SCV, Supply Depot  
  187  10:33  Sensor Tower  
  193  10:39  Marine  
  193  10:42  Marine x2  
  196  10:45  Marine, Planetary Fortress  
  196  10:51  SCV, Starport  
  196  10:52  Starport  
  196  10:54  SCV x2  
  198  11:02  Command Center  
  198  11:04  Siege Tank  
  196  11:09  Siege Tank  
  199  11:18  Marine  
  198  11:31  Command Center  
  198  11:35  Starport Tech Lab x2  
  198  11:37  Viking  
  200  11:40  Command Center  
  200  11:42  Command Center  
  199  12:00  Starport  
  197  12:02  Marine x3, Starport  
  199  12:08  Marine  
  199  12:14  Marine x2  
Show
View Real Time Build Order
Export as new Build Order

maru Terran - Winner!

Build Orders:  

Get SALT Encoding   

  12  0:00  SCV  
  13  0:12  SCV  
  14  0:16  Supply Depot  
  14  0:24  SCV  
  15  0:38  SCV  
  15  0:40  Barracks  
  16  0:42  Refinery  
  16  0:50  SCV  
  16  0:52  Refinery  
  17  1:02  SCV  
  18  1:14  SCV  
  19  1:27  Orbital Command  
  19  1:28  Reaper  
  19  1:29  Supply Depot  
  20  1:42  Factory  
  20  1:53  SCV  
  21  2:00  Reaper  
  22  2:05  SCV  
  23  2:18  SCV  
  23  2:21  Command Center  
  24  2:28  Hellion  
  26  2:30  SCV  
  26  2:33  Barracks Reactor  
  27  2:42  SCV  
  28  2:49  Supply Depot  
  28  2:50  Hellion  
  29  2:54  SCV  
  30  2:58  Command Center  
  30  3:04  Starport  
  30  3:06  SCV  
  31  3:13  Marine x2  
  31  3:15  Factory Tech Lab  
  33  3:21  SCV  
  34  3:33  Supply Depot  
  36  3:38  Siege Tank  
  37  3:43  Medivac  
  39  3:54  Marine x2, SCV  
  42  4:05  Refinery  
  42  4:06  SCV  
  43  4:12  Marine x2, Cyclone  
  43  4:16  Starport Tech Lab  
  48  4:18  SCV  
  49  4:28  Orbital Command  
  49  4:30  Marine x2  
  49  4:31  SCV  
  52  4:38  Raven  
  52  4:43  SCV  
  55  4:51  Supply Depot  
  55  4:55  SCV, Siege Tank  
  55  4:59  SCV  
  56  5:07  SCV  
  56  5:11  Marine x2, SCV  
  55  5:19  SCV  
  56  5:21  Raven  
  56  5:23  SCV  
  59  5:31  Supply Depot, SCV  
  60  5:35  SCV  
  60  5:37  Command Center  
  61  5:43  SCV  
  61  5:47  SCV  
  61  5:48  Marine x2  
  61  5:50  Siege Tank  
  61  5:55  SCV  
  63  5:59  Refinery  
  63  6:00  Barracks  
  63  6:01  SCV  
  63  6:02  Barracks  
  64  6:04  Raven  
  64  6:07  Marine x2, SCV  
  69  6:15  Engineering Bay  
  69  6:16  SCV, Engineering Bay  
  69  6:19  SCV  
  69  6:23  Siege Tank  
  67  6:28  SCV  
  67  6:32  Marine x2, SCV  
  71  6:40  SCV  
  71  6:42  Terran Infantry Armor Level 1, Terran Infantry Weapons Level 1  
  71  6:45  SCV  
  73  6:49  Barracks Reactor  
  73  6:50  Barracks Reactor  
  73  6:53  Orbital Command, Missile Turret  
  73  6:54  Barracks  
  73  6:55  Barracks  
  73  6:57  Siege Tank  
  73  7:01  Marine  
  77  7:02  SCV x2  
  77  7:05  Stimpack  
  77  7:08  Supply Depot  
  79  7:17  Viking, Orbital Command  
  79  7:18  Viking  
  79  7:20  Marine  
  84  7:23  SCV x2  
  84  7:28  Marine  
  84  7:29  Marine x3, Supply Depot  
  90  7:31  Siege Tank  
  90  7:35  SCV x2  
  95  7:37  Marine  
  95  7:39  Supply Depot  
  95  7:42  Supply Depot  
  96  7:46  SCV  
  96  7:47  SCV x2  
  99  7:56  Sensor Tower  
  99  7:58  SCV  
  99  7:59  Barracks Reactor x2, SCV  
  99  8:01  Marine x2  
  99  8:04  Marine x2  
  104  8:08  Refinery x2, Armory  
  104  8:10  SCV x2  
  106  8:13  Marine  
  106  8:19  Marine x2  
  109  8:21  Supply Depot  
  109  8:23  SCV x2  
  109  8:26  Medivac x2  
  115  8:27  SCV  
  116  8:35  SCV x2  
  116  8:37  Command Center  
  116  8:39  Supply Depot, SCV  
  119  8:43  Marine x2  
  119  8:44  Marine x3  
  119  8:45  Combat Shield  
  119  8:48  Siege Tank  
  127  8:56  SCV x3  
  127  8:58  Viking  
  127  9:00  Viking  
  133  9:04  Supply Depot  
  133  9:05  Marine x4  
  136  9:12  Marine  
  136  9:13  Marine x2, Terran Infantry Weapons Level 2  
  136  9:14  Terran Infantry Armor Level 2, Terran Vehicle Weapons Level 1  
  138  9:18  Supply Depot  
  137  9:25  Supply Depot  
  137  9:29  Siege Tank  
  138  9:36  Marine x3  
  141  9:39  Marine x2  
  141  9:40  Supply Depot, Factory  
  141  9:41  Supply Depot  
  141  9:43  Supply Depot  
  143  9:47  Viking x2  
  147  9:56  Missile Turret  
  147  10:00  Marine x3  
  147  10:01  Marine x4  
  147  10:02  Marine, Siege Tank  
  153  10:17  Viking x2  
  155  10:29  Marine x2  
  155  10:32  Starport  
  155  10:33  SCV, Starport  
  158  10:36  Missile Turret  
  158  10:38  Barracks Reactor  
  158  10:43  Siege Tank x2  
  158  10:46  Marine x3, Planetary Fortress  
  158  10:47  Viking x2  
  170  10:57  Sensor Tower  
  170  10:58  Refinery  
  170  11:00  Refinery  
  172  11:11  Starport Tech Lab  
  172  11:14  Starport Tech Lab  
  172  11:15  Siege Tank x2  
  172  11:17  Marine x3  
  179  11:30  Command Center  
  179  11:34  Raven x2, Command Center  
  183  11:59  Missile Turret  
  183  12:00  Sensor Tower  
  182  12:01  Missile Turret x2  
  182  12:02  Missile Turret  
  182  12:09  Starport  
  182  12:10  Starport  
Tags
 
Add a new tag
Caveats
  • Supply blocks, unpowered buildings, or Contaminate may cause inaccurate times.
  • Supply counts are checked every 10 seconds.